 Dungeon Crawl Stone Soup version 0.19.4-8-ga85b6b9 (webtiles) character file.

2191 NinoLikesCookies the Cleaver (level 9, -6/105 HPs)
             Began as a Minotaur Berserker on Feb 13, 2017.
             Was an Elder of Trog.
             Mangled by a 13-headed hydra (11 damage)
             ... on level 6 of the Dungeon on Feb 15, 2017.
             The game lasted 01:06:29 (6885 turns).

NinoLikesCookies the Cleaver (Minotaur Berserker)   Turns: 6885, Time: 01:06:30

Health: -6/105     AC: 14    Str: 28 (30) XL:     9   Next: 12%
Magic:  8/8        EV: 13    Int:  1 (4)  God:    Trog [****..]
Gold:   286        SH:  9    Dex:  9 (12) Spells: 0 memorised, 8 levels left

rFire  . . .     SeeInvis .     a - +0 hand axe
rCold  . . .     Gourm    .     F - +1 plate armour
rNeg   . . .     Faith    .     x - +1 shield {reflect}
rPois  .         Spirit   .     (helmet restricted)
rElec  .         Reflect  +     p - +1 cloak
rCorr  .         Harm     .     (no gloves)
MR     .....     Rnd*Rage +     P - +1 pair of boots
Stlth  ..........               (no amulet)
                                m - +5 ring of evasion
                                q - +2 ring of evasion

@: berserking, corroded, starving, very quick
A: retaliatory headbutt, beak, horns 2, agile 1, berserk 1
a: Berserk, Trog's Hand, Brothers in Arms, Burn Spellbooks, Renounce Religion


You were on level 6 of the Dungeon.
You worshipped Trog.
Trog was greatly pleased with you.
You were starving.

You visited 2 branches of the dungeon, and saw 7 of its levels.

You collected 286 gold pieces.

Inventory:

Hand Weapons
 a - a +0 hand axe (weapon)
 e - a +0 club
 g - a +0 dagger
 i - a +0 dagger
 l - a +0 club
 o - a +0 blowgun
 s - a +0 hunting sling
 z - a cursed -1 arbalest
 C - a +0 hand axe
 E - the +1 dagger "Korycs" {protect, Str+2 Int+4, unknown}
   (You found it on level 4 of the Dungeon)

   It protects the one who uses it against injury (+AC on strike).
   It affects your strength (+2).
   It affects your intelligence (+4).
 G - a +0 whip of freezing
Missiles
 f - 357 stones (quivered)
 k - 83 arrows
 r - 28 sling bullets
 w - 30 poisoned needles
 y - 41 bolts
 B - 3 needles of sleeping
 J - 3 throwing nets
Armour
 b - a +0 animal skin
 j - a +0 shield
 p - a +1 cloak (worn)
 u - a +0 leather armour
 x - a +1 shield of reflection (worn)
 A - a +0 chain mail
 D - a +0 animal skin
 F - a +1 plate armour (worn)
 P - a +1 pair of boots (worn)
 S - a +0 helmet
Jewellery
 d - a +6 ring of dexterity
 m - a +5 ring of evasion (right hand)
 q - a +2 ring of evasion (left hand)
 I - a +5 ring of evasion
Wands
 K - a wand of confusion (8/48)
 U - a wand of iceblast (9/15)
Scrolls
 n - 5 scrolls of remove curse
 v - a scroll of immolation {unknown}
 M - a scroll of enchant weapon {unknown}
 N - 3 scrolls of identify
 Q - a scroll of fear
 R - a scroll of teleportation
 V - 2 scrolls of noise {unknown}
Potions
 t - 2 potions of cure mutation
 H - 2 potions of mutation
Comestibles
 c - 6 bread rations
 h - 2 slices of pizza
 L - a meat ration


   Skills:
 - Level 3.6 Fighting
 * Level 12.4 Axes
 + Level 0.7 Slings
 - Level 5.6 Armour
 - Level 5.1 Dodging
 + Level 1.3 Shields


You had 8 spell levels left.
You didn't know any spells.

Dungeon Overview and Level Annotations

Branches:
Dungeon (6/15)             Temple (1/1) D:6

Altars:
Ashenzari
Dithmenos
Elyvilon
Fedhas
Gozag
Hepliaklqana
Kikubaaqudgha
Makhleb
Okawaru
Ru
Sif Muna
Trog
Uskayaw
Vehumet
Xom
Yredelemnul
Zin


Innate Abilities, Weirdness & Mutations

You reflexively headbutt those who attack you in melee.
You have a pair of horns on your head.
You have a beak for a mouth.
You are agile. (Dex +2)
You tend to lose your temper in combat.


Message History

The 13-headed hydra closely misses you. The 13-headed hydra bites you!
* * * LOW HITPOINT WARNING * * *
The 13-headed hydra bites you.
* * * LOW HITPOINT WARNING * * *
The 13-headed hydra bites you.
* * * LOW HITPOINT WARNING * * *
The 13-headed hydra closely misses you.
You are too berserk!
You are too berserk!
You are too berserk!
You block the 13-headed hydra's attack.
The 13-headed hydra bites you but does no damage.
You block the 13-headed hydra's attack. x3
The 13-headed hydra barely misses you.
The 13-headed hydra bites you but does no damage. x2
The 13-headed hydra barely misses you. x2; The 13-headed hydra bites you.
* * * LOW HITPOINT WARNING * * *
The 13-headed hydra bites you but does no damage.
The 13-headed hydra bites you!
You die...

###................###....##.....
...................(.#....##..#..
...........#####...###D#...#.###.
...........## ##..(# #J.......#..
............###....###.....##....
.....#####..##....##.............
..#### ##..###..####...........
### ##...D..#....#......... .##
#.....@..##.#.......... ..##
##..####....#........... ...###
#..## ###............#. #....##
##..# ##.).........#.
###...###..## ##..........#...
###...#..# ##......##....#.#
#.....## ##.<....##.......#
##.....#####...##..###......#
#............###..###....#..


You could see a 13-headed hydra.

Vanquished Creatures
  Pikel (D:4)
  Grinder (D:4)
  Menkaure (D:6)
  Edmund (D:6)
  Duvessa (D:4)
  A phantom (D:4)
  2 slaves (D:4)
  A sky beast (D:6)
  2 big kobolds (D:3)
  A bullfrog (D:6)
  Dowan (D:4)
  A centaur zombie (D:6)
  2 crimson imps (D:5)
  A quasit (D:6)
  4 orc priests
  2 hounds (D:5)
  A jelly (D:6)
  3 orc wizards
  2 worker ants
  10 adders
  3 gnolls (D:3)
  A shadow imp (D:5)
  2 oozes
  3 adder skeletons
  3 worms
  3 dart slugs
  9 leopard geckos
  8 orcs
  A ball python (D:2)
  9 bats
  9 giant cockroaches
  2 goblins (D:2)
  6 hobgoblins
  2 jackals (D:2)
  42 kobolds
  A quokka (D:2)
  A ball python skeleton (D:4)
  3 frilled lizards
  A jackal zombie (D:5)
  A quokka skeleton (D:6)
  A quokka zombie (D:5)
  5 rats
155 creatures vanquished.

Vanquished Creatures (others)
  An orc wizard (D:3)
  An orc (D:3)
2 creatures vanquished.

Grand Total: 157 creatures vanquished

Notes
Turn   | Place    | Note
-------+----------+-------------------------------------------
     0 | D:1      | NinoLikesCookies the Minotaur Berserker began the quest for the Orb.
     0 | D:1      | Reached XP level 1. HP: 19/19 MP: 0/0
    74 | D:1      | Reached skill level 4 in Axes
   149 | D:1      | Reached XP level 2. HP: 26/26 MP: 1/1
   512 | D:2      | Reached skill level 5 in Axes
   569 | D:2      | Reached XP level 3. HP: 30/31 MP: 2/2
   839 | D:2      | Reached XP level 4. HP: 22/39 MP: 3/3
   982 | D:2      | Reached skill level 6 in Axes
  1227 | D:2      | Reached ** piety under Trog
  2372 | D:3      | Noticed a big kobold
  2372 | D:3      | Noticed a big kobold
  2376 | D:3      | Killed a big kobold
  2376 | D:3      | Reached skill level 7 in Axes
  2376 | D:3      | Reached XP level 5. HP: 45/45 MP: 4/4
  2378 | D:3      | Reached skill level 8 in Axes
  2378 | D:3      | Reached XP level 6. HP: 51/51 MP: 5/5
  2384 | D:3      | Reached *** piety under Trog
  2849 | D:3      | Reached skill level 9 in Axes
  2862 | D:3      | Gained mutation: You have a beak for a mouth. [potion of mutation]
  2862 | D:3      | Gained mutation: You are agile. (Dex +2) [potion of mutation]
  2862 | D:3      | Gained mutation: You tend to lose your temper in combat. [potion of mutation]
  3365 | D:4      | Found a faded altar of an unknown god.
  3365 | D:4      | Found a blossoming altar of Fedhas.
  3374 | D:4      | Found a faded altar of an unknown god.
  3379 | D:4      | Noticed Grinder
  3381 | D:4      | Found a basalt altar of Yredelemnul.
  3384 | D:4      | Paralysed by Grinder for 6 turns
  3395 | D:4      | Paralysed by Grinder for 2 turns
  3397 | D:4      | Killed Grinder
  3397 | D:4      | Reached skill level 10 in Axes
  3397 | D:4      | Reached XP level 7. HP: 37/57 MP: 6/6
  3473 | D:4      | Found a faded altar of an unknown god.
  3605 | D:4      | Noticed Duvessa
  3608 | D:4      | Noticed Dowan
  3634 | D:4      | Killed Duvessa
  3748 | D:4      | Killed Dowan
  3963 | D:4      | Got a dazzling dagger
  4199 | D:4      | Reached XP level 8. HP: 12/64 MP: 7/7
  4288 | D:4      | Noticed Pikel
  4303 | D:4      | Killed Pikel
  4303 | D:4      | Reached skill level 11 in Axes
  4441 | D:5      | Entered Level 5 of the Dungeon
  4505 | D:5      | Reached **** piety under Trog
  4823 | D:5      | Found a hide-covered altar of Uskayaw.
  5325 | D:5      | Reached skill level 5 in Armour
  5566 | D:6      | Noticed Menkaure
  5570 | D:6      | Killed Menkaure
  5570 | D:6      | Reached skill level 12 in Axes
  5690 | D:6      | Found a staircase to the Ecumenical Temple.
  5737 | D:6      | Reached skill level 5 in Dodging
  5801 | Temple   | Entered the Ecumenical Temple
  6005 | D:6      | Found a deep blue altar of Sif Muna.
  6098 | D:6      | Noticed Edmund
  6115 | D:6      | Killed Edmund
  6115 | D:6      | Reached XP level 9. HP: 63/70 MP: 4/8
  6371 | D:6      | Reached skill level 1 in Shields
  6783 | D:6      | Noticed a seven-headed hydra
  6885 | D:6      | HP: 5/105 [13-headed hydra (2)]
  6885 | D:6      | Mangled by a 13-headed hydra

Skill      XL: |  1  2  3  4  5  6  7  8  9 |
---------------+----------------------------+-----
Axes           | 4 5 7 8 10 12 | 12.4
Armour         | 3 5 |  5.6
Dodging        | 3 5 |  5.1
Shields        | 1 |  1.3
Fighting       | |  3.6
Slings         | |  0.7

Action                   |  1- 3 |  4- 6 |  7- 9 || total
-------------------------+-------+-------+-------++-------
Melee: Hand axe          |    50 |   148 |   173 ||   371
       Headbutt          |    11 |    34 |    37 ||    82
       Hunting sling     |       |     1 |       ||     1
       Peck              |       |     1 |    33 ||    34
 Fire: Hunting sling     |       |    20 |    11 ||    31
       Blowgun           |       |     6 |    37 ||    43
Throw: Stone             |       |       |     1 ||     1
Invok: Berserk           |       |       |     2 ||     2
       Burn Spellbooks   |       |       |     1 ||     1
       Trog's Hand       |       |       |     1 ||     1
  Use: Scroll            |       |     5 |     5 ||    10
       Potion            |       |     5 |     4 ||     9
 Stab: Sleeping          |     1 |       |       ||     1
  Eat: Chunk             |       |     8 |    11 ||    19
Armor: Animal skin       |     5 |       |       ||     5
       Leather armour    |     2 |    42 |     4 ||    48
       Skin              |       |       |    18 ||    18
       Plate armour      |       |       |    52 ||    52
Dodge: Dodged            |    27 |    55 |    68 ||   150
Block: Shield            |    21 |    61 |    59 ||   141
